TOP OF THE 1ST |
Washington Nationals batting - Pitching for San Diego Padres : RHP Justin Verlander
|
Pitching: RHP Justin Verlander
|
|
Batting: LHB Andrew Benintendi
|
0-0: Ball 1-0: Ball 2-0: Foul Ball, location: 2F 2-1: Ball 3-1: Foul Ball, location: 2F 3-2: Foul Ball, location: 2F 3-2: Fly out, F5 (Popup, 5F, EV 67.5 MPH)
|
Batting: RHB Adeiny Hechavarria
|
0-0: Called Strike 0-1: Foul Ball, location: 2F 0-2: Strikes out swinging
|
Batting: LHB Yonder Alonso
|
0-0: Called Strike 0-1: Swinging Strike 0-2: Foul Ball, location: 2F 0-2: Ball 1-2: Foul Ball, location: 2F 1-2: Foul Ball, location: 2F 1-2: Foul Ball, location: 2F 1-2: Strikes out swinging
|
Top of the 1st over - 0 runs, 0 hits, 0 errors, 0 left on base; Washington 0 - San Diego 0 |
BOTTOM OF THE 1ST |
San Diego Padres batting - Pitching for Washington Nationals : RHP Brandon Woodruff
|
Pitching: RHP Brandon Woodruff
|
|
Batting: SHB Victor Caratini
|
0-0: Called Strike 0-1: Ball 1-1: Ball 2-1: Ball 3-1: Base on Balls
|
Batting: RHB Jose Altuve
|
0-0: Ball 1-0: Ball 2-0: Ball 3-0: Base on Balls Victor Caratini to second
|
Batting: LHB Mike Tauchman
|
0-0: Fly out, F9 (Flyball, 89M, EV 82.5 MPH) Runner from 2nd tags up, OUT at 3rd! 9-5
|
Batting: LHB Max Kepler
|
0-0: Ball 1-0: Foul Ball, location: 2F 1-1: Hit by Pitch Jose Altuve to second
|
Batting: SHB Carlos Santana
|
0-0: Foul Ball, location: 2F 0-1: Swinging Strike 0-2: Ground out 4-3 (Groundball, 4, EV 83.8 MPH)
|
Bottom of the 1st over - 0 runs, 0 hits, 0 errors, 2 left on base; Washington 0 - San Diego 0 |
TOP OF THE 2ND |
Washington Nationals batting - Pitching for San Diego Padres : RHP Justin Verlander
|
Batting: RHB Chris Taylor
|
0-0: Fly out, F8 (Flyball, 8RXD, EV 93.1 MPH)
|
Batting: RHB Evan Longoria
|
0-0: Called Strike 0-1: Called Strike 0-2: Strikes out swinging
|
Batting: LHB Jackie Bradley Jr.
|
0-0: Swinging Strike 0-1: Foul Ball, location: 2F 0-2: Strikes out swinging
|
Top of the 2nd over - 0 runs, 0 hits, 0 errors, 0 left on base; Washington 0 - San Diego 0 |
BOTTOM OF THE 2ND |
San Diego Padres batting - Pitching for Washington Nationals : RHP Brandon Woodruff
|
Batting: SHB Freddy Galvis
|
0-0: Swinging Strike 0-1: Ball 1-1: Swinging Strike 1-2: Ball 2-2: Ball 3-2: Strikes out looking
|
Batting: SHB Johan Camargo
|
0-0: Ground out U3 (Groundball, 3, EV 90.6 MPH)
|
Batting: RHB Justin Verlander
|
0-0: Ball 1-0: Ball 2-0: Called Strike 2-1: Ball 3-1: Ground out 6-3 (Groundball, 4MS, EV 87.5 MPH)
|
Bottom of the 2nd over - 0 runs, 0 hits, 0 errors, 0 left on base; Washington 0 - San Diego 0 |
TOP OF THE 3RD |
Washington Nationals batting - Pitching for San Diego Padres : RHP Justin Verlander
|
Batting: LHB Matt Beaty
|
0-0: Ball 1-0: Ball 2-0: Called Strike 2-1: Foul Ball, location: 2F 2-2: Foul Ball, location: 2F 2-2: Fly out, F5 (Popup, 25, EV 86.9 MPH)
|
Batting: RHB Austin Barnes
|
0-0: Fly out, F5 (Line Drive, 5, EV 68.1 MPH)
|
Batting: LHB Brandon Woodruff
|
0-0: Called Strike 0-1: Ball 1-1: Ball 2-1: Foul Ball, location: 2F 2-2: Ball 3-2: Strikes out swinging
|
Top of the 3rd over - 0 runs, 0 hits, 0 errors, 0 left on base; Washington 0 - San Diego 0 |
BOTTOM OF THE 3RD |
San Diego Padres batting - Pitching for Washington Nationals : RHP Brandon Woodruff
|
Batting: RHB Lorenzo Cain
|
0-0: Ground out 6-3 (Groundball, 6, EV 101.9 MPH)
|
Batting: SHB Victor Caratini
|
0-0: Called Strike 0-1: Ball 1-1: Ball 2-1: Fly out, F8 (Flyball, 78D, EV 93.1 MPH)
|
Batting: RHB Jose Altuve
|
0-0: Called Strike 0-1: Ball 1-1: Ground out 5-3 (Groundball, 56, EV 87.5 MPH)
|
Bottom of the 3rd over - 0 runs, 0 hits, 0 errors, 0 left on base; Washington 0 - San Diego 0 |
TOP OF THE 4TH |
Washington Nationals batting - Pitching for San Diego Padres : RHP Justin Verlander
|
Batting: LHB Andrew Benintendi
|
0-0: Foul Ball, location: 2F 0-1: Ball 1-1: Foul Ball, location: 2F 1-2: Ball 2-2: Foul Ball, location: 2F 2-2: Foul Ball, location: 2F 2-2: Ball 3-2: Fly out, F6 (Line Drive, 6, EV 65.6 MPH)
|
Batting: RHB Adeiny Hechavarria
|
0-0: Fly out, F9 (Flyball, 89XD, EV 98.8 MPH)
|
Batting: LHB Yonder Alonso
|
0-0: Ball 1-0: Ball 2-0: Ball 3-0: Base on Balls
|
Batting: RHB Chris Taylor
|
0-0: Called Strike 0-1: Called Strike 0-2: Ball 1-2: Foul Ball, location: 2F 1-2: Ball 2-2: Strikes out swinging
|
Top of the 4th over - 0 runs, 0 hits, 0 errors, 1 left on base; Washington 0 - San Diego 0 |
BOTTOM OF THE 4TH |
San Diego Padres batting - Pitching for Washington Nationals : RHP Brandon Woodruff
|
Batting: LHB Mike Tauchman
|
0-0: Ball 1-0: Ball 2-0: Foul Ball, location: 2F 2-1: Foul Ball, location: 2F 2-2: Ball 3-2: Strikes out swinging
|
Batting: LHB Max Kepler
|
0-0: Called Strike 0-1: Foul Ball, location: 2F 0-2: Ball 1-2: Ball 2-2: SINGLE (Flyball, 8RS, EV 89.4 MPH)
|
Batting: SHB Carlos Santana
|
0-0: Ball 1-0: Foul Ball, location: 2F 1-1: Called Strike 1-2: Ball 2-2: Foul Ball, location: 2F 2-2: Strikes out swinging
|
Batting: SHB Freddy Galvis
|
0-0: Ball 1-0: DOUBLE (Line Drive, 78M, EV 101.9 MPH) Max Kepler to third Runner from 3rd tries for Home, SAFE, throw by LF to home
|
Batting: SHB Johan Camargo
|
0-0: Intentional Walk
|
Batting: RHB Justin Verlander
|
0-0: Called Strike 0-1: Foul Ball, location: 2F 0-2: Strikes out looking
|
Bottom of the 4th over - 1 run, 2 hits, 0 errors, 2 left on base; Washington 0 - San Diego 1 |
TOP OF THE 5TH |
Washington Nationals batting - Pitching for San Diego Padres : RHP Justin Verlander
|
Batting: RHB Evan Longoria
|
0-0: Ball 1-0: Called Strike 1-1: Foul Ball, location: 2F 1-2: Strikes out swinging
|
Batting: LHB Jackie Bradley Jr.
|
0-0: Called Strike 0-1: Ball 1-1: Fly out, F7 (Flyball, 78D, EV 90.6 MPH)
|
Batting: LHB Matt Beaty
|
0-0: SINGLE (Flyball, 3D, EV 93.8 MPH)
|
Batting: RHB Austin Barnes
|
0-0: Called Strike 0-1: Fly out, F8 (Line Drive, 8RM, EV 100.6 MPH)
|
Top of the 5th over - 0 runs, 1 hit, 0 errors, 1 left on base; Washington 0 - San Diego 1 |
BOTTOM OF THE 5TH |
San Diego Padres batting - Pitching for Washington Nationals : RHP Brandon Woodruff
|
Batting: RHB Lorenzo Cain
|
0-0: Ball 1-0: Called Strike 1-1: Swinging Strike 1-2: Ball 2-2: SINGLE (Line Drive, 8RS, EV 86.3 MPH)
|
Batting: SHB Victor Caratini
|
0-0: Called Strike Lorenzo Cain steals 2nd base 0-1: Swinging Strike 0-2: Ball 1-2: Ball 2-2: Ball 3-2: Foul Ball, location: 2F 3-2: Base on Balls
|
Batting: RHB Jose Altuve
|
0-0: Called Strike 0-1: Ball 1-1: Grounds into double play, 2-4-3 (Groundball, 2L, EV 62.5 MPH) Lorenzo Cain to third
|
Batting: LHB Mike Tauchman
|
0-0: Called Strike 0-1: Swinging Strike 0-2: Ball 1-2: Ball 2-2: Fly out, F2 (Popup, 2LF, EV 84.4 MPH)
|
Bottom of the 5th over - 0 runs, 1 hit, 0 errors, 1 left on base; Washington 0 - San Diego 1 |
TOP OF THE 6TH |
Washington Nationals batting - Pitching for San Diego Padres : RHP Justin Verlander
|
Batting: LHB Brandon Woodruff
|
0-0: Ball 1-0: Ball 2-0: Swinging Strike 2-1: Swinging Strike 2-2: Ball 3-2: Strikes out looking
|
Batting: LHB Andrew Benintendi
|
0-0: Foul Ball, location: 2F 0-1: Ball 1-1: Swinging Strike 1-2: Strikes out looking
|
Batting: RHB Adeiny Hechavarria
|
0-0: Foul Ball, location: 2F 0-1: Ball 1-1: Swinging Strike 1-2: Strikes out looking
|
Top of the 6th over - 0 runs, 0 hits, 0 errors, 0 left on base; Washington 0 - San Diego 1 |
BOTTOM OF THE 6TH |
San Diego Padres batting - Pitching for Washington Nationals : RHP Brandon Woodruff
|
Batting: LHB Max Kepler
|
0-0: Ball 1-0: Ball 2-0: Ball 3-0: Base on Balls
|
Batting: SHB Carlos Santana
|
0-0: Called Strike 0-1: Foul Ball, location: 2F 0-2: Strikes out swinging
|
Batting: SHB Freddy Galvis
|
0-0: Foul Ball, location: 2F 0-1: Grounds into double play, 6-4-3 (Groundball, 6, EV 90.6 MPH)
|
Bottom of the 6th over - 0 runs, 0 hits, 0 errors, 0 left on base; Washington 0 - San Diego 1 |
TOP OF THE 7TH |
Washington Nationals batting - Pitching for San Diego Padres : RHP Justin Verlander
|
Batting: LHB Yonder Alonso
|
0-0: Ball 1-0: Ball 2-0: Ball 3-0: Foul Ball, location: 2F 3-1: Base on Balls
|
Batting: RHB Chris Taylor
|
0-0: Ball 1-0: Called Strike 1-1: Ball 2-1: Foul Ball, location: 2F 2-2: Foul Ball, location: 2F 2-2: Strikes out looking
|
Pinch Hitting: LHB Adam Eaton
|
0-0: Called Strike 0-1: Ball 1-1: Foul Ball, location: 2F 1-2: Strikes out swinging
|
Batting: LHB Jackie Bradley Jr.
|
0-0: Ball 1-0: Ball 2-0: Ball 3-0: Base on Balls Yonder Alonso to second
|
Batting: LHB Matt Beaty
|
0-0: Called Strike 0-1: Foul Ball, location: 2F 0-2: Ball 1-2: Strikes out swinging
|
Top of the 7th over - 0 runs, 0 hits, 0 errors, 2 left on base; Washington 0 - San Diego 1 |
BOTTOM OF THE 7TH |
San Diego Padres batting - Pitching for Washington Nationals : RHP Brandon Woodruff
|
Pitching: LHP Steve Hathaway
|
|
Now in RF: Adam Eaton
|
|
Batting: SHB Johan Camargo
|
0-0: SOLO HOME RUN (Flyball, 7D, EV 93.1 MPH), Distance : 378 ft
|
Batting: RHB Justin Verlander
|
0-0: Ball 1-0: Ball 2-0: Ground out 3-1 (Groundball, 34, EV 105.0 MPH)
|
Batting: RHB Lorenzo Cain
|
0-0: Ball 1-0: Ball 2-0: Ball 3-0: Called Strike 3-1: Called Strike 3-2: Foul Ball, location: 2F 3-2: Fly out, F9 (Flyball, 89D, EV 102.5 MPH)
|
Batting: SHB Victor Caratini
|
0-0: Foul Ball, location: 2F 0-1: Foul Ball, location: 2F 0-2: Ground out 4-3 (Groundball, 4M, EV 98.1 MPH)
|
Bottom of the 7th over - 1 run, 1 hit, 0 errors, 0 left on base; Washington 0 - San Diego 2 |
TOP OF THE 8TH |
Washington Nationals batting - Pitching for San Diego Padres : RHP Justin Verlander
|
Pitching: RHP Jose Leclerc
|
|
Batting: RHB Austin Barnes
|
0-0: Called Strike 0-1: Foul Ball, location: 2F 0-2: SINGLE (Flyball, 3D, EV 93.1 MPH)
|
Pinch Hitting: RHB Tyler White
|
0-0: Called Strike 0-1: Foul Ball, location: 2F 0-2: Ball 1-2: Foul Ball, location: 2F 1-2: Ball 2-2: Fly out, F7 (Flyball, 7LS, EV 86.3 MPH)
|
Batting: LHB Andrew Benintendi
|
0-0: Called Strike 0-1: Ball 1-1: Fly out, F8 (Flyball, 8RD, EV 106.3 MPH)
|
Batting: RHB Adeiny Hechavarria
|
0-0: Ball 1-0: Ball 2-0: Called Strike 2-1: Called Strike 2-2: Strikes out swinging
|
Top of the 8th over - 0 runs, 1 hit, 0 errors, 1 left on base; Washington 0 - San Diego 2 |
BOTTOM OF THE 8TH |
San Diego Padres batting - Pitching for Washington Nationals : LHP Steve Hathaway
|
Pitching: LHP Adam Morgan
|
|
Batting: RHB Jose Altuve
|
0-0: Ground out 5-3 (Groundball, 56S, EV 68.1 MPH)
|
Batting: LHB Mike Tauchman
|
0-0: Foul Ball, location: 2F 0-1: Ball 1-1: SINGLE (Flyball, 8RS, EV 86.9 MPH)
|
Batting: LHB Max Kepler
|
0-0: Called Strike 0-1: Ball Wild Pitch! Mike Tauchman to second 1-1: Ground out 3-1 (Groundball, 34S, EV 86.3 MPH) Mike Tauchman to third
|
Batting: SHB Carlos Santana
|
0-0: Fly out, F7 (Line Drive, 7, EV 93.8 MPH)
|
Bottom of the 8th over - 0 runs, 1 hit, 0 errors, 1 left on base; Washington 0 - San Diego 2 |
TOP OF THE 9TH |
Washington Nationals batting - Pitching for San Diego Padres : RHP Jose Leclerc
|
Pitching: LHP Aroldis Chapman
|
|
Now in RF: Hunter Renfroe
|
|
Batting: LHB Yonder Alonso
|
0-0: Called Strike 0-1: Called Strike 0-2: Foul Ball, location: 2F 0-2: Ball 1-2: Strikes out looking
|
Batting: RHB Chris Taylor
|
0-0: Called Strike 0-1: Called Strike 0-2: Strikes out swinging
|
Batting: LHB Adam Eaton
|
0-0: Ball 1-0: Called Strike 1-1: Swinging Strike 1-2: Strikes out swinging
|
Top of the 9th over - 0 runs, 0 hits, 0 errors, 0 left on base; Washington 0 - San Diego 2 |
|